 Dungeon Crawl Stone Soup version 0.29-a0-1019-g84f7d21838 (webtiles) character file.

Game seed: 12713102544374069118

3472 leavemydog the Thaumaturge (level 9, -3/45 HPs)
             Began as a Deep Elf Conjurer on Aug 10, 2022.
             Was an Initiate of Vehumet.
             Shot with a sling bullet by Joseph (14 damage)
             ... on level 7 of the Dungeon.
             The game lasted 00:13:47 (8570 turns).

leavemydog the Thaumaturge (Deep Elf Conjurer)      Turns: 8570, Time: 00:13:47

Health: -3/45      AC:  6    Str:  4    XL:     9   Next: 79%
Magic:  8/26       EV: 12    Int: 28    God:    Vehumet [......]
Gold:   334        SH:  0    Dex: 13    Spells: 20/31 levels left

rFire   . . .      SeeInvis .   x - +1 dagger (drain)
rCold   . . .      Faith    .   (no shield)
rNeg    . . .      Spirit   .   D - +0 steam dragon scales
rPois   .          Reflect  .   (no helmet)
rElec   .          Harm     .   (no cloak)
rCorr   +          Rampage  .   (no gloves)
Will    .....                   i - +0 pair of boots
Stlth   ++........              (no amulet)
HPRegen 0.15/turn               t - ring of resist corrosion
MPRegen 0.20/turn               (no ring)

@: no status effects
A: no striking features
a: Renounce Religion


You were on level 7 of the Dungeon.
You worshipped Vehumet.
Vehumet was noncommittal.
You visited 2 branches of the dungeon, and saw 8 of its levels.
You also visited: Sewer.

You collected 334 gold pieces.

Inventory:

Hand Weapons
 x - a +1 dagger of draining (weapon)
 y - the +9 spear "Kashe" {drain, Fragile rElec rPois Will+++ Int-3}
   (You found it on level 5 of the Dungeon)

   A truly terrible weapon, it drains the life of any living foe it strikes.
   Int:       It affects your intelligence (-3).
   rElec:     It insulates you from electricity.
   rPois:     It protects you from poison.
   Fragile:   It will be destroyed if unequipped.
   Will:      It greatly increases your willpower.
Armour
 i - a +0 pair of boots (worn)
 D - +0 steam dragon scales (worn)
Jewellery
 a - a +6 ring of dexterity
 t - a ring of resist corrosion (left hand)
Wands
 u - a wand of flame (23)
 B - a wand of paralysis (6)
 C - a wand of acid (6)
Scrolls
 c - a scroll of vulnerability {unknown}
 d - a scroll of brand weapon {unknown}
 g - 3 scrolls of teleportation
 l - 2 scrolls of magic mapping {unknown}
 m - 3 scrolls of poison {unknown}
 p - 4 scrolls of noise
 q - 2 scrolls of enchant armour {unknown}
 r - a scroll of butterflies {unknown}
 s - 4 scrolls of fear {unknown}
 w - a scroll of blinking {unknown}
 A - a scroll of silence {unknown}
Potions
 b - a potion of magic
 e - 3 potions of brilliance
 f - 2 potions of berserk rage
 h - a potion of heal wounds
 j - 2 potions of haste {unknown}
 k - 2 potions of flight
 n - 3 potions of curing
 o - 3 potions of might
 v - 2 potions of lignification {unknown}
 z - 2 potions of invisibility {unknown}


   Skills:
 - Level 2.4 Dodging
 - Level 2.4 Stealth
 + Level 11.6 Spellcasting
 + Level 10.7 Conjurations
 * Level 3.1 Hexes
 * Level 6.3 Translocations


You had 20 spell levels left.
You knew the following spells:

 Your Spells              Type           Power      Damage    Failure   Level
a - Magic Dart            Conj           100%       1d8       1%          1
b - Searing Ray           Conj           100%       2d8       1%          2
c - Iskenderun's Mystic   Conj/Tloc      59%        2d12      1%          4
d - Fulminant Prism       Conj/Hex       26%        3d14      1%          4

Your spell library contained the following spells:

 Spells                   Type           Power      Damage    Failure   Level
 Apportation              Tloc           100%       N/A       1%          1
 Dazzling Flash           Conj/Hex       100%       N/A       1%          3
 Portal Projectile        Hex/Tloc       84%        N/A       1%          3
 Tukima's Dance           Hex            33%        N/A       2%          3
 Beastly Appendage        Tmut           32%        N/A       3%          1
 Necrotise                Necr           64%        1d7       3%          1
 Summon Small Mammal      Summ           64%        N/A       3%          1
 Wereblood                Tmut           16%        N/A       5%          2
 Spider Form              Tmut/Pois      16%        N/A       11%         3
 Anguish                  Hex/Necr       12%        N/A       19%         4
 Blade Hands              Tmut           8%         N/A       67%         5
 Enfeeble                 Hex            16%        N/A       100%        7


Dungeon Overview and Level Annotations

Branches:
Dungeon (7/15)             Temple (1/1) D:5           Sewer (visited)

Altars:
Ashenzari
Cheibriados
Dithmenos
Elyvilon
Fedhas
Gozag
Hepliaklqana
Kikubaaqudgha
Makhleb
Nemelex Xobeh
Ru
Trog
Uskayaw
Vehumet
Wu Jian
Xom
Zin
The Shining One

Annotations:
D:7 Joseph


Message History

The sling bullet misses you.
The magic dart hits Joseph.
Joseph is lightly wounded.
Joseph shoots a sling bullet.
The sling bullet hits you!
Joseph shoots a sling bullet.
The sling bullet hits you.
Casting: Magic Dart (safe; 1% risk of failure)
Confirm with . or Enter, or press ? or * to list all spells.
Aiming: Searing Ray (safe; 1% risk of failure)
Press: ? - help, Shift-Dir - straight line, f/p - Joseph
Aim: Joseph, wielding a +3 sling, wearing a +0 ring mail and carrying a wand of flame (11) (lightly wounded, 85% to hit)
The searing ray hits Joseph.
Joseph is moderately wounded. (Press . to maintain the ray.) Joseph shoots a sling bullet.
The sling bullet hits you!
The searing ray hits Joseph!
Joseph is moderately wounded.
Joseph shoots a sling bullet.
The sling bullet hits you!
* * * LOW HITPOINT WARNING * * *
You feel much better.
Casting: Searing Ray (safe; 1% risk of failure)
Confirm with . or Enter, or press ? or * to list all spells.
Aiming: Searing Ray (safe; 1% risk of failure)
Press: ? - help, Shift-Dir - straight line, f/p - Joseph
Aim: Joseph, wielding a +3 sling, wearing a +0 ring mail and carrying a wand of flame (11) (moderately wounded, 85% to hit)
The searing ray hits Joseph.
Joseph is heavily wounded. (Press . to maintain the ray.) Joseph shoots a sling bullet.
The sling bullet closely misses you.
The searing ray hits Joseph!
Joseph is heavily wounded.
Joseph zaps a wand.
The puff of flame hits you.
The searing ray hits Joseph.
Joseph is severely wounded.
Joseph shoots a sling bullet.
The sling bullet hits you!
* * * LOW HITPOINT WARNING * * *
The searing ray hits Joseph!
Joseph is severely wounded.
You finish channelling your searing ray.
Joseph shoots a sling bullet.
The sling bullet hits you!
You die...

..... ....###.#.## #.#.
##.#.##.###.### ...
..#.#.## ##...
#..###.#########.##.###..##
#......o.).# #.....#.#.#
##.###.###@# ######..).# #.
#.# ###.## #. #.# #.# #.#
#. #@# #.# ... .. #.# #.#
#.# ## #.# .# # #.# #.# ..
## #.# #.# .# .# #># #.#
.#### #.# #.# ....####.##
###.# #..#.# .........)#
#...# #..#..


You could see Joseph.

Vanquished Creatures
  Maggie (D:6)
  A komodo dragon (D:6)
  A hornet (D:7)
  Prince Ribbit (D:5)
  2 steam dragons (D:6)
  A water moccasin (D:7)
  A black bear (D:6)
  Pargi (Sewer)
  An orc warrior (D:7)
  4 sky beasts
  2 ice beasts
  An ogre (D:4)
  A centaur (D:6)
  2 bullfrogs (D:7)
  A gnoll sergeant (D:6)
  3 necrophages
  2 jellies
  2 gnoll boudas
  An orc priest (D:5)
  5 hounds
  3 iguanas
  5 orc wizards
  13 gnolls
  12 adders
  3 worms (D:4)
  17 orcs
  7 bats
  3 endoplasms
  A giant cockroach (D:2)
  4 goblins
  9 hobgoblins
  4 jackals (D:5)
  7 kobolds
  4 quokkas
  9 ball pythons
  4 frilled lizards
  3 rats
142 creatures vanquished.

Vanquished Creatures (others)
  A plant (D:4)
1 creature vanquished.

Grand Total: 143 creatures vanquished

Notes
Turn   | Place    | Note
-------+----------+-------------------------------------------
     0 | D:1      | leavemydog the Deep Elf Conjurer began the quest for the
                  | Orb.
     0 | D:1      | Reached XP level 1. HP: 10/10 MP: 6/6
   330 | D:1      | Reached XP level 2. HP: 15/15 MP: 6/8
   333 | D:1      | Learned a level 2 spell: Searing Ray
   572 | D:1      | Reached skill level 5 in Conjurations
   986 | D:1      | Found a faded altar of an unknown god.
  1113 | D:2      | Reached XP level 3. HP: 19/19 MP: 5/9
  1665 | D:3      | Found a glowing drain.
  1674 | Sewer    | Entered a sewer
  1690 | Sewer    | Reached XP level 4. HP: 24/24 MP: 7/11
  1725 | Sewer    | Learned a level 4 spell: Iskenderun's Mystic Blast
  1737 | Sewer    | Noticed Pargi
  1745 | Sewer    | Killed Pargi
  1746 | Sewer    | Reached skill level 4 in Spellcasting
  1746 | Sewer    | Reached skill level 1 in Translocations
  1746 | Sewer    | Reached XP level 5. HP: 19/28 MP: 4/13
  2298 | D:3      | Found a faded altar of an unknown god.
  2933 | D:4      | Reached XP level 6. HP: 30/32 MP: 8/15
  2938 | D:4      | Reached skill level 5 in Spellcasting
  3237 | D:4      | Found an ornate altar of the Wu Jian Council.
  3569 | D:4      | Found a shimmering altar of Xom.
  3964 | D:5      | Entered Level 5 of the Dungeon
  4148 | D:5      | Reached skill level 6 in Spellcasting
  4148 | D:5      | Reached XP level 7. HP: 36/36 MP: 8/18
  4508 | D:5      | Noticed Prince Ribbit
  4531 | D:5      | Killed Prince Ribbit
  4532 | D:5      | Reached skill level 7 in Spellcasting
  4674 | D:5      | Found a staircase to the Ecumenical Temple.
  4687 | D:5      | Identified the +9 spear "Kashe" {drain, Fragile rElec rPois
                  | Will+++ Int-3}
  4703 | Temple   | Entered the Ecumenical Temple
  5055 | D:5      | Found a hide-covered altar of Uskayaw.
  5055 | D:5      | Found a hazy altar of Hepliaklqana.
  5055 | D:5      | Found a glowing golden altar of the Shining One.
  5055 | D:5      | Found a radiant altar of Vehumet.
  5126 | D:5      | Became a worshipper of Vehumet
  5247 | D:6      | Reached XP level 8. HP: 41/41 MP: 14/21
  5296 | D:6      | Reached skill level 8 in Spellcasting
  5666 | D:6      | Noticed Maggie
  5688 | D:6      | Killed Maggie
  5689 | D:6      | Reached skill level 9 in Spellcasting
  5905 | D:6      | Reached skill level 5 in Translocations
  6292 | D:6      | Reached skill level 10 in Spellcasting
  6292 | D:6      | Reached XP level 9. HP: 45/45 MP: 18/25
  6464 | D:6      | Noticed a komodo dragon
  6476 | D:6      | Killed a komodo dragon
  6477 | D:6      | Reached skill level 10 in Conjurations
  6740 | D:6      | Learned a level 4 spell: Fulminant Prism
  6912 | D:6      | Reached skill level 1 in Hexes
  7540 | D:7      | Reached skill level 11 in Spellcasting
  8549 | D:7      | Noticed Joseph
  8565 | D:7      | HP: 2/45 [Joseph/sling bullet (15)]
  8570 | D:7      | Shot with a sling bullet by Joseph

Illustrated notes

Levels and vault maps discovered:
D:1:      pf_arrival_petrified_forest, layout_loops_ring,
          dreamdust_ecumenical_altar_hidden_monk_grotto
D:2:      layout_rooms
D:3:      layout_basic, nicolae_overflow_ecumenical_swirl, portal_sewer_entry_d,
          minmay_increasing_density
D:4:      layout_gridville, lemuel_crystal_altar, xom_teletrap_fun,
          saegor_snake_ambush
D:5:      layout_rooms, chequers_temple_overflow_statue_of_worship,
          minmay_temple_entry_mini_moons, uniq_prince_ribbit1
D:6:      minmay_chambers_of_fours, layout_loops_ring, uniq_maggie
D:7:      layout_loops_ring, uniq_joseph
Temple:   nicolae_temple_bog_church

Skill      XL: |  1  2  3  4  5  6  7  8  9 |
---------------+----------------------------+-----
Conjurations   | 5 6 7 8 9 10 | 10.7
Spellcasting   | 4 6 7 10 11 | 11.6
Translocations | 1 2 4 5 6 |  6.3
Hexes          | 3 |  3.1
Dodging        | |  2.4
Stealth        | |  2.4

Action                   |  1- 3 |  4- 6 |  7- 9 || total
-------------------------+-------+-------+-------++-------
Melee: Dagger            |       |       |     4 ||     4
 Cast: Magic Dart        |    56 |   114 |   170 ||   340
       Searing Ray       |     1 |     7 |    26 ||    34
       Iskenderun's Myst |       |       |    11 ||    11
  Use: Scroll            |     3 |     1 |     5 ||     9
       Potion            |       |       |     2 ||     2
Armor: Robe              |       |     1 |       ||     1
       Troll leather arm |       |    10 |    14 ||    24
       Steam dragon scal |       |       |    13 ||    13
Dodge: Dodged            |     3 |    17 |    61 ||    81

Table legend: (Time is in decaauts)
 A = Elapsed time spent in this place.
 B = Non-inter-level travel time spent in this place.
 C = Inter-level travel time spent in this place.
 D = Time resting spent in this place.
 E = Time spent auto-exploring this place.
 F = Levels seen in this place.
 G = Mean time per level.
                   A        B        C        D        E       F      G
               +--------+--------+--------+--------+--------+-----+--------+
         Total |   8624 |   8436 |    188 |   2968 |   4535 |   9 |  958.2 |
       Dungeon |   8188 |   8024 |    164 |   2832 |   4316 |   7 | 1169.7 |
        Temple |    191 |    167 |     24 |      0 |    154 |   1 |  191.0 |
         Sewer |    244 |    244 |      0 |    136 |     63 |   1 |  244.0 |
               +--------+--------+--------+--------+--------+-----+--------+

Top non-repeatable levels by time:
     D:6: 2466 daAuts
     D:4: 1286 daAuts
     D:3: 1083 daAuts
     D:1: 1030 daAuts
     D:7: 894 daAuts
     D:5: 890 daAuts
     D:2: 536 daAuts
   Sewer: 244 daAuts
  Temple: 191 daAuts
